Map: Eternal Empire LE

Players

SpeCial - Winner!

  • Race: Terran Terran
  • League: Grandmaster
  • Spawn Location: 1:00

Rail

  • Race: Protoss Protoss
  • Spawn Location: 7:00

VOD

Have the link to the VOD?

Description

Time

  • Played on: Jan. 15, 2020, 6:01 a.m.
  • Length: 14:20
Show
View Real Time Build Order
Export as new Build Order

SpeCial Terran - Winner!

Build Orders: Cyclone Opening, Gas First Reaper Expand, Mech 

Get SALT Encoding   

  12  0:00  SCV  
  13  0:13  SCV  
  14  0:18  Supply Depot  
  14  0:25  SCV  
  15  0:29  Refinery  
  15  0:40  SCV  
  16  0:45  Barracks  
  16  0:52  SCV  
  17  1:04  SCV  
  18  1:16  SCV  
  19  1:32  Orbital Command  
  19  1:33  Reaper  
  20  1:43  Command Center  
  20  1:53  Factory  
  20  1:58  SCV  
  21  2:07  Barracks Tech Lab  
  21  2:10  SCV  
  21  2:11  Refinery  
  21  2:15  Supply Depot  
  22  2:22  SCV  
  23  2:33  Barracks Reactor  
  23  2:36  SCV  
  24  2:45  Cyclone  
  24  2:48  SCV  
  28  2:54  Orbital Command  
  28  3:01  SCV  
  28  3:03  Starport  
  29  3:09  Marine, Refinery  
  29  3:10  Marine  
  31  3:13  SCV  
  32  3:22  SCV  
  32  3:25  SCV  
  34  3:27  Marine, Factory Tech Lab  
  34  3:28  Marine  
  36  3:35  SCV  
  36  3:37  SCV  
  38  3:46  Cloaking Field  
  38  3:47  SCV, Supply Depot, Banshee  
  42  3:49  SCV  
  42  3:52  Marine x2  
  45  3:59  SCV  
  46  4:09  SCV, Siege Tank  
  50  4:11  SCV, Marine x2  
  53  4:21  SCV  
  53  4:22  Supply Depot  
  54  4:36  SCV x2, Banshee  
  54  4:37  Marine x2  
  61  4:46  Siege Tank  
  61  4:48  SCV x2, Supply Depot  
  66  4:55  Marine x2  
  68  5:00  SCV x2  
  70  5:12  Mag-Field Accelerator  
  70  5:13  SCV, Command Center  
  70  5:14  SCV  
  72  5:20  Cyclone  
  75  5:25  SCV  
  75  5:27  SCV  
  77  5:30  Refinery  
  74  5:37  SCV  
  74  5:39  Bunker  
  74  5:40  Factory  
  74  5:41  SCV  
  76  5:44  Factory  
  76  5:45  Supply Depot  
  76  5:49  SCV  
  77  5:50  Supply Depot  
  77  5:55  SCV  
  78  6:05  Cyclone  
  78  6:07  SCV  
  78  6:09  SCV  
  80  6:12  Barracks Reactor  
  80  6:14  Factory  
  80  6:15  Factory  
  80  6:16  Supply Depot  
  80  6:20  Engineering Bay  
  80  6:21  SCV x2  
  80  6:25  Cyclone, Infernal Pre-Igniter  
  85  6:26  Orbital Command  
  85  6:28  Hellion x2  
  89  6:34  SCV, Supply Depot  
  90  6:41  Cyclone  
  93  6:48  Orbital Command  
  93  6:49  SCV x2  
  93  6:50  Missile Turret, Hellion x2  
  99  6:57  Cyclone  
  99  6:58  Supply Depot  
  99  7:01  SCV x2  
  104  7:03  Factory Tech Lab  
  104  7:11  Hellion x2  
  104  7:12  Hellion x2  
  104  7:13  SCV  
  104  7:15  SCV  
  114  7:16  SCV  
  114  7:20  Refinery x2  
  114  7:22  Supply Depot  
  115  7:24  Supply Depot  
  115  7:26  SCV  
  115  7:27  SCV, Armory  
  117  7:35  Factory  
  117  7:36  Factory  
  117  7:37  SCV  
  117  7:38  SCV, Factory  
  117  7:39  SCV  
  120  7:45  Supply Depot  
  120  7:49  SCV  
  120  7:50  SCV  
  120  7:51  SCV, Siege Tank x2  
  127  7:52  Siege Tank  
  133  7:58  Hellion  
  133  7:59  Hellion  
  133  8:00  Hellion  
  133  8:02  SCV, Hellion  
  140  8:06  SCV  
  140  8:07  SCV  
  140  8:09  Starport Reactor  
  140  8:10  Supply Depot  
  142  8:14  Supply Depot  
  142  8:15  Supply Depot  
  141  8:22  Terran Vehicle Weapons Level 1  
  141  8:23  Factory Tech Lab x2  
  141  8:24  Factory Reactor  
  141  8:25  Widow Mine x3  
  141  8:26  Widow Mine, Drilling Claws  
  149  8:31  Siege Tank  
  149  8:32  Siege Tank  
  155  8:38  Siege Tank  
  158  8:43  Supply Depot  
  158  8:49  Command Center  
  156  8:57  Viking x2  
  156  8:59  Hellion  
  156  9:00  Hellion  
  156  9:01  Hellion  
  166  9:03  Hellion  
  166  9:06  Hellion  
  168  9:13  Cyclone x2  
  168  9:14  Cyclone  
  168  9:16  Cyclone  
  178  9:23  Siege Tank  
  181  9:25  Hellion x3  
  181  9:27  Hellion  
  181  9:30  Supply Depot  
  189  9:39  Supply Depot  
  189  9:44  Hellion  
  189  9:46  Viking  
  189  9:51  Viking  
  189  9:52  Hellion, Siege Tank  
  196  9:56  Siege Tank  
  196  9:58  Hellion  
  197  10:01  Hellion  
  188  10:16  Viking  
  188  10:18  Armory  
  190  10:21  Viking  
  192  10:33  Thor  
  192  10:34  Command Center  
  196  10:36  Unknown  
  196  10:40  Thor  
  198  10:46  Viking  
  198  10:47  Hellion  
  198  10:48  Hellion  
  196  10:51  Viking  
  196  10:54  Hellion  
  162  11:10  Siege Tank x2  
  166  11:11  Hellion  
  166  11:12  Hellion  
  166  11:14  Hellion x2  
  166  11:16  Viking, Hellion  
  173  11:21  Viking  
  173  11:25  Planetary Fortress  
  175  11:26  Siege Tank  
  175  11:27  Hellion, Siege Tank  
  175  11:28  Hellion  
  186  11:33  Hellion  
  186  11:41  Hellion  
  186  11:42  Siege Tank x2  
  195  11:48  Terran Vehicle And Ship Armor Level 1, Terran Vehicle Weapons Level 2  
  195  11:51  Siege Tank  
  195  11:52  Hellion  
  190  11:57  Hellion  
  190  12:00  Cyclone x2  
  190  12:01  Widow Mine  
  180  12:09  Hellion  
  180  12:12  Hellion x2  
  180  12:14  Siege Tank  
  168  12:18  Hellion  
  168  12:20  Viking x2  
  163  12:27  Hellion x2  
  163  12:29  Thor  
  156  12:33  Thor  
  143  12:38  Hellion  
  143  12:39  Hellion  
  143  12:41  Hellion  
  143  12:47  Hellion  
  142  12:54  Thor x2  
  142  12:56  Hellion x2  
  158  13:04  Thor  
  164  13:06  Hellion x2  
  164  13:10  Missile Turret, Refinery  
  168  13:13  Sensor Tower, Refinery  
  164  13:21  Widow Mine x2  
  164  13:25  Cyclone x2  
  170  13:31  Hellion  
  170  13:32  Hellion  
  170  13:35  Viking  
  170  13:36  Viking  
  170  13:37  Cyclone  
  175  13:43  Planetary Fortress  
Show
View Real Time Build Order
Export as new Build Order

Rail Protoss 

Build Orders: 1 Gate Expand, Colossus Rush 

Get SALT Encoding   

  12  0:00  Probe  
  13  0:13  Probe  
  14  0:18  Pylon  
  14  0:25  Probe (Chrono Boost)  
  15  0:37  Probe (Chrono Boost), Gateway  
  16  0:44  Probe (Chrono Boost)  
  16  0:46  Assimilator  
  17  0:51  Probe  
  18  1:03  Probe  
  19  1:15  Probe  
  20  1:25  Nexus  
  20  1:33  Cybernetics Core  
  20  1:35  Probe  
  21  1:40  Assimilator  
  21  1:47  Probe  
  21  1:49  Pylon  
  22  1:59  Probe  
  23  2:08  Sentry (Chrono Boost)  
  23  2:10  Warp Gate  
  23  2:11  Probe  
  26  2:23  Probe  
  26  2:25  Twilight Council  
  26  2:29  Adept  
  30  2:37  Probe x2  
  31  2:49  Probe x2 (Chrono Boost)  
  33  3:01  Probe x2 (Chrono Boost)  
  35  3:07  Probe x2 (Chrono Boost), Charge  
  35  3:10  Stalker  
  39  3:14  Pylon  
  39  3:15  Probe x2  
  41  3:20  Gateway  
  41  3:27  Probe  
  41  3:29  Probe  
  43  3:34  Stargate  
  43  3:40  Probe  
  44  3:41  Gateway  
  44  3:42  Probe  
  45  3:49  Pylon  
  45  3:52  Probe  
  45  3:54  Probe, Robotics Facility  
  47  3:58  Zealot  
  47  4:01  Assimilator  
  49  4:04  Probe  
  48  4:21  Zealot x2  
  48  4:22  Phoenix (Chrono Boost), Probe  
  48  4:23  Probe  
  56  4:26  Assimilator  
  52  4:35  Probe  
  52  4:36  Probe, Pylon  
  54  4:40  Zealot  
  54  4:43  Pylon  
  54  4:44  Phoenix (Chrono Boost)  
  54  4:45  Pylon  
  58  4:47  Probe  
  58  4:49  Robotics Bay, Zealot  
  61  4:54  Zealot  
  61  4:57  Observer (Chrono Boost)  
  64  5:03  Pylon  
  63  5:11  Probe  
  64  5:16  Probe  
  64  5:17  Observer (Chrono Boost)  
  64  5:23  Probe, Zealot x2  
  68  5:29  Phoenix  
  68  5:32  Nexus  
  70  5:35  Probe, Colossus (Chrono Boost)  
  70  5:37  Observer  
  77  5:47  Probe  
  77  5:49  Probe  
  79  5:50  Sentry, Zealot  
  79  5:54  Phoenix  
  85  5:59  Probe (Chrono Boost)  
  85  6:01  Probe (Chrono Boost)  
  85  6:09  Extended Thermal Lance  
  85  6:10  Shield Battery  
  84  6:15  Probe (Chrono Boost)  
  84  6:17  Probe (Chrono Boost), Observer  
  86  6:20  Probe (Chrono Boost)  
  86  6:22  Pylon  
  86  6:24  Probe, Colossus (Chrono Boost)  
  94  6:35  Pylon  
  94  6:41  Probe (Chrono Boost), Sentry  
  94  6:43  Probe (Chrono Boost)  
  94  6:44  Probe (Chrono Boost)  
  99  6:52  Probe (Chrono Boost)  
  99  6:53  Probe (Chrono Boost)  
  102  6:54  Probe (Chrono Boost), Gateway x2  
  102  6:59  Probe (Chrono Boost)  
  102  7:00  Probe (Chrono Boost)  
  105  7:01  Probe (Chrono Boost)  
  105  7:06  Probe x2  
  107  7:09  Phoenix  
  107  7:12  Probe  
  110  7:18  Probe, Assimilator  
  110  7:21  Disruptor, Robotics Facility  
  110  7:22  Assimilator  
  114  7:23  Sentry  
  116  7:30  Gateway  
  116  7:32  Fleet Beacon  
  116  7:33  Pylon  
  116  7:36  Probe x2, Forge  
  118  7:37  Zealot x2  
  118  7:43  Probe  
  123  7:50  Stalker  
  125  7:57  Forge  
  125  7:58  Disruptor  
  125  8:02  Pylon  
  125  8:04  Pylon  
  125  8:05  Pylon  
  128  8:06  Protoss Ground Weapons Level 1 (Chrono Boost)  
  128  8:07  Pylon, Disruptor  
  128  8:10  Pylon  
  131  8:15  Photon Cannon  
  131  8:20  Zealot  
  131  8:22  Protoss Shields Level 1 (Chrono Boost)  
  131  8:24  Stargate  
  133  8:27  Zealot  
  133  8:28  Photon Cannon, Zealot x2  
  133  8:33  Zealot  
  141  8:38  Protoss Air Weapons Level 1  
  141  8:43  Pylon, Warp Prism  
  141  8:45  Disruptor  
  146  8:57  Pylon  
  146  8:58  Nexus  
  146  9:06  Tempest  
  150  9:17  Tempest  
  150  9:19  Stargate  
  150  9:22  Nexus  
  155  9:30  Shield Battery  
  155  9:38  Blink  
  155  9:41  Disruptor  
  155  9:44  Pylon  
  158  9:46  Photon Cannon  
  158  9:49  Tempest  
  163  9:58  Stalker  
  163  9:59  Zealot x2, Disruptor  
  166  10:10  Tempest  
  166  10:18  Stalker  
  166  10:20  Zealot x4  
  174  10:22  Zealot  
  174  10:23  Tempest  
  174  10:27  Immortal  
  185  10:30  Pylon  
  179  10:48  Tempest  
  182  10:51  Nexus  
  182  10:53  Tempest  
  182  10:54  Zealot  
  139  11:12  Tempest  
  139  11:15  Pylon  
  144  11:22  Zealot, Stalker  
  144  11:23  Zealot x3  
  144  11:26  Zealot  
  144  11:31  Tempest  
  144  11:32  Immortal  
  155  11:43  Zealot, Stalker  
  155  11:44  Zealot x2  
  158  11:49  Zealot x2  
  158  11:52  Disruptor  
  153  12:05  Zealot x2  
  145  12:12  Immortal  
  131  12:19  Sentry, Zealot x2  
  128  12:26  Zealot, Stalker  
  118  12:34  Zealot  
  114  12:39  Immortal  
  114  12:40  Probe x2  
  114  12:41  Probe  
  114  12:43  Probe  
  122  12:47  Zealot x3  
  124  12:52  Probe, Zealot  
  124  12:53  Probe, Stalker  
  124  12:57  Sentry  
  132  12:58  Probe  
  132  13:03  Photon Cannon  
  133  13:07  Templar Archives  
  133  13:11  Zealot  
  135  13:14  Disruptor  
  138  13:20  Zealot x3  
  138  13:24  Zealot x2  
  134  13:39  Assimilator  
  134  13:44  High Templar x4  
  134  13:45  High Templar x2  
  146  13:49  Archon x3  
  151  13:59  Shield Battery  
  151  14:02  Assimilator  
Tags
 
Add a new tag
Caveats
  • Supply blocks, unpowered buildings, or Contaminate may cause inaccurate times.
  • Supply counts are checked every 10 seconds.